 Dungeon Crawl Stone Soup version 0.31-a0-246-g8cbcc1cb85 (webtiles) character file.

Game seed: 11081112413130834508

97 cforsyth the Changeling (level 4, -6/44 HPs)
             Began as an Ogre Shapeshifter on July 12, 2023.
             Mangled by a gnoll
             ... wielding a +0 halberd
              (9 damage)
             ... on level 3 of the Dungeon.
             The game lasted 00:02:06 (2259 turns).

cforsyth the Changeling (Ogre Shapeshifter)         Turns: 2259, Time: 00:02:07

Health: -6/44      AC:  3    Str: 21    XL:     4   Next: 68%
Magic:  4/4        EV:  9    Int:  9    God:
Gold:   87         SH:  0    Dex:  9    Spells: 3/3 levels left

rFire   + .          .
                       - Unarmed
rCold   . . .        (no shield)
rNeg    . . .        a - +0 animal skin
rPois   .            (helmet currently unavailable)
rElec   .            (cloak currently unavailable)
rCorr   .            (gloves unavailable)
SInv    .            (boots unavailable)
Will    .....        (no amulet)
Stlth   +            n - ring of protection from fire
HPRegen 0.27/turn    (no ring)
MPRegen 0.09/turn

%: no passive effects
@: mighty, beast-form, hasted, very quick
A: beast (slay +2), large, unfitting armour, tough skin 1
a: no special abilities


You were on level 3 of the Dungeon.
You were a hulking beast.
You visited 1 branch of the dungeon, and saw 3 of its levels.

You collected 87 gold pieces.

Inventory:

Armour
 a - a +0 animal skin (worn)
Jewellery
 n - a ring of protection from fire (left hand)
 q - an amulet of faith
Talismans
 c - a beast talisman
Scrolls
 d - a scroll of amnesia {unknown}
 f - a scroll of vulnerability {unknown}
 h - 4 scrolls of enchant armour {unknown}
 l - a scroll of teleportation {unknown}
 m - 3 scrolls of identify {unknown}
 o - a scroll of enchant weapon {unknown}
 p - a scroll of fog {unknown}
Potions
 b - a potion of lignification
 e - a potion of curing {unknown}
 g - a potion of mutation {unknown}
 i - a potion of might
 j - a potion of degeneration {unknown}
 k - a potion of cancellation {unknown}


   Skills:
 - Level 2.6 Fighting
 - Level 1.7 Dodging
 + Level 3.2 Unarmed Combat
 + Level 3.9 Shapeshifting


You had 3 spell levels left.
You didn't know any spells.
Your spell library contained the following spells:

 Spells                   Type           Power      Damage    Failure   Level
 Ensorcelled Hibernation  Hex/Ice        0%         N/A       52%         2
 Passwall                 Tmut/Erth      0%         N/A       52%         2
 Inner Flame              Hex/Fire       0%         N/A       77%         3
 Swiftness                Air            0%         N/A       77%         3
 Flame Wave               Conj/Fire      0%         2d4       99%         4
 Sticky Flame             Conj/Fire      0%         2d3       99%         4


Dungeon Overview and Level Annotations

Branches:
Dungeon (3/15)

Altars:
Fedhas

Shops:
D:2 (


Innate Abilities, Weirdness & Mutations

You are a hulking beast.
Your limbs bulge with bestial killing power. (Slay +2)
You are too large for most types of armour.
You have tough skin. (AC +1)


Message History

The gnoll barely misses you.
You hit the gnoll.
The gnoll is heavily wounded.
The gnoll barely misses you.
You barely miss the gnoll.
The gnoll is heavily wounded.
The gnoll hits you with a +0 whip!
You hit the gnoll.
The gnoll is heavily wounded.
The gnoll hits you with a +0 whip.
You hit the gnoll.
You kill the gnoll!
The gnoll barely misses you. The gnoll hits you with a +0 flail!
Things that are here:
a +0 whip; a gnoll corpse You hit the gnoll.
The gnoll is moderately wounded.
The gnoll barely misses you. x3
You hit the gnoll.
The gnoll is severely wounded.
The gnoll hits you with a +0 halberd! The gnoll hits you but does no damage.
The gnoll misses you.
You are too injured to fight recklessly!
You are too injured to fight recklessly!
You are too injured to fight recklessly!
You are too injured to fight recklessly!
You are too injured to fight recklessly!
You are too injured to fight recklessly!
The gnoll attacks as you move away! The gnoll hits you with a +0 flail!
* * * LOW HITPOINT WARNING * * *
The gnoll barely misses you. The gnoll attacks as you move away!
The gnoll hits you with a +0 flail.
* * * LOW HITPOINT WARNING * * *
The gnoll attacks as you move away! The gnoll barely misses you.
It was a potion of might.
You feel very mighty all of a sudden. The gnoll barely misses you.
It was a potion of haste.
You feel yourself speed up.
The gnoll hits you from afar with a +0 halberd!
You die...

#.# #.# #.#
#.#
############
#.#
#..........#
#.#
#.########.#
#.#####.##
#.#
#........#
#.#
#######..#
#h# # #..#
#g# . .....
#g# #####.
#g# # #)#
........#
##.###..#
#..# #..#


You could see 3 gnolls.

Vanquished Creatures
  2 gnolls
  3 adders (D:2)
  A dart slug (D:2)
  2 orcs
  4 ball pythons
  An endoplasm (D:2)
  A giant cockroach (D:2)
  5 hobgoblins
  6 jackals
  5 kobolds
  2 quokkas
  3 bats
  2 frilled lizards (D:1)
  3 goblins
  5 rats
45 creatures vanquished.

Notes
Turn   | Place    | Note
-------+----------+-------------------------------------------
     0 | D:1      | cforsyth the Ogre Shapeshifter began the quest for the Orb.
     0 | D:1      | Reached XP level 1. HP: 22/22 MP: 1/1
   370 | D:1      | Reached XP level 2. HP: 5/29 MP: 2/2
   615 | D:1      | Reached XP level 3. HP: 36/36 MP: 3/3
  1545 | D:2      | Reached XP level 4. HP: 44/44 MP: 4/4
  1576 | D:2      | Found Qompof's Weapon Emporium.
  2045 | D:3      | Found a blossoming altar of Fedhas.
  2255 | D:3      | HP: 2/44 [gnoll/+0 flail (4)]
  2259 | D:3      | Mangled by a gnoll

Illustrated notes

Levels and vault maps discovered:
D:1:      psy_arrival_radial01, layout_basic
D:2:      layout_basic, serial_shops, shop, hangedman_decor_points,
          chequers_arboretum
D:3:      layout_loops_ring, mainiacjoe_overflow_24_doors,
          chequers_serial_rivers_room_a, uniq_sigmund

Skill      XL: |  1  2  3  4 |
---------------+-------------+-----
Unarmed Combat | 2 3 |  3.2
Fighting       | |  2.6
Dodging        | |  1.7
Shapeshifting  | |  3.9

Action                     |  1- 3 |  4- 6 || total
---------------------------+-------+-------++-------
  Melee: Unarmed           |    72 |    46 ||   118
         Punch             |     3 |     1 ||     4
    Use: Potion            |       |     2 ||     2
   Stab: Sleeping          |     2 |       ||     2
 Armour: Animal skin       |    25 |     8 ||    33
  Dodge: Dodged            |    38 |    24 ||    62

Table legend: (Time is in decaauts)
 A = Elapsed time spent in this place.
 B = Non-inter-level travel time spent in this place.
 C = Inter-level travel time spent in this place.
 D = Time resting spent in this place.
 E = Time spent auto-exploring this place.
 F = Levels seen in this place.
 G = Mean time per level.
                   A        B        C        D        E       F      G
               +--------+--------+--------+--------+--------+-----+--------+
         Total |   2252 |   2209 |     43 |      0 |   1916 |   3 |  750.7 |
       Dungeon |   2252 |   2209 |     43 |      0 |   1916 |   3 |  750.7 |
               +--------+--------+--------+--------+--------+-----+--------+

Top non-repeatable levels by time:
     D:1: 1269 daAuts
     D:2: 718 daAuts
     D:3: 264 daAuts
